 Dungeon Crawl Stone Soup version 0.21.1-1-g345015fe64 (webtiles) character file.

5933 KleinerIrrer the Cleaver (level 11, -10/86 HPs)
             Began as a Formicid Fighter on Apr 4, 2018.
             Was a Believer of Okawaru.
             Mangled by an orc warlord
             ... wielding a +0 long sword
              (20 damage)
             ... on level 8 of the Dungeon.
             The game lasted 00:03:28 (10722 turns).

KleinerIrrer the Cleaver (Formicid Fighter)        Turns: 10722, Time: 00:03:29

Health: -10/86     AC: 18    Str: 24    XL:     11   Next: 9%
Magic:  13/14      EV: 11    Int:  8    God:    Okawaru [**....]
Gold:   645        SH: 13    Dex: 10    Spells: 10/10 levels left

rFire    + . .     SeeInvis +   Y - +2 broad axe
rCold    . . .     Gourm    .   c - +0 shield
rNeg     . . .     Faith    +   l - +0 chain mail
rPois    .         Spirit   .   (helmet unavailable)
rElec    .         Reflect  .   m - +2 cloak {+Inv}
rCorr    .         Harm     .   (no gloves)
MR       +....                  n - +1 pair of boots
Stlth    ..........             t - amulet of faith
HPRegen  0.24/turn              q - ring of protection from fire
MPRegen  0.14/turn              (no ring)

@: heroism
A: permanent stasis, dig shafts and tunnels, four strong arms, antennae 3
a: Dig, Shaft Self, Heroism, Renounce Religion, Evoke Invisibility


You were on level 8 of the Dungeon.
You worshipped Okawaru.
Okawaru was pleased with you.
You were not hungry.

You visited 2 branches of the dungeon, and saw 9 of its levels.
You also visited: Sewer and Ossuary.

You collected 645 gold pieces.


Innate Abilities, Weirdness & Mutations

You cannot be hasted, slowed, berserked, paralysed or teleported.
You can dig through walls and to a lower floor.
Your four strong arms can wield two-handed weapons with a shield.
You have a pair of large antennae on your head. (SInv)


   Skills:
 - Level 8.1(13.1) Fighting
 + Level 11.1(16.1) Axes
 - Level 6.0(11.0) Armour
 - Level 2.0(7.0) Dodging
 - Level 9.0(14.0) Shields
 - Level 4.1 Invocations


You had 10 spell levels left.
You didn't know any spells.

Inventory:

Hand Weapons
 o - a +0 flail
 Y - a +2 broad axe (weapon)
Missiles
 b - 6 tomahawks of returning
 p - 14 tomahawks
 x - a javelin of returning (quivered)
Armour
 c - a +0 shield (worn)
 l - a +0 chain mail (worn)
 m - a +2 cloak of invisibility (worn)
 n - a +1 pair of boots (worn)
 u - a +0 plate armour
 w - a +2 plate armour of positive energy
Jewellery
 a - an uncursed ring of resist corrosion {unknown}
 q - a ring of protection from fire (left hand)
 r - an uncursed ring of see invisible {unknown}
 s - an uncursed ring of fire
 t - an amulet of faith (around neck)
Wands
 h - a wand of clouds (5)
Scrolls
 g - 6 scrolls of identify
 v - 2 scrolls of remove curse
Potions
 d - 2 potions of might
 f - 8 potions of curing
 j - a potion of ambrosia {unknown}
 k - a potion of resistance
Comestibles
 e - 7 rations
 i - 19 chunks of flesh

Dungeon Overview and Level Annotations

Branches:
Dungeon (8/15)             Temple (1/1) D:7
   Lair: D:8-11

Altars:
Ashenzari
Cheibriados
Dithmenos
Elyvilon
Hepliaklqana
Makhleb
Nemelex Xobeh
Okawaru
Qazlal
Ru
Trog
Uskayaw
Vehumet
Wu Jian
Xom
Yredelemnul
Zin


Message History

You block the orc warlord's attack.
You hit the orc warlord.
The orc warlord is lightly wounded.
You slice the orc warlord!!
The orc warlord is moderately wounded.
The orc warlord barely misses you.
You hit the orc warlord.
The orc warlord is moderately wounded.
The orc warlord hits you with a long sword!!
You slice the orc warlord!!
The orc warlord is heavily wounded.
Your chain mail prevents you from hitting the orc warlord.
The orc warlord is heavily wounded.
The orc warlord hits you with a long sword!
You hit the orc warlord.
The orc warlord is heavily wounded.
You closely miss the orc warlord.
The orc warlord is heavily wounded.
The orc warlord hits you with a long sword!!
You die...

###..#.######...##.#
....##..........##.##
##...............#..##
.....................############
P........)............)..........
~~~~~~~~~~~~~~~~~~.).))~~~~~~~~~~
~~~~~~~~~~~~~~~~~))..))~~~~~~~~~~
~#####~~~~~~~)~~~~....~~~~~~~~~~~
~#.{.#..........@o...............
~#.. #############'')'###########
~### #.......#..[.#.......# ~~.#
#....o..#o.).#.......# ~~.#
#.......'....'.......# ~~.#
#'##################'# ~~.#
#)).....# ~~.# #........ ~~.#
#........


You could see an orc warlord.

Vanquished Creatures
  The ghost of KleinerIrrer the Chopper, a novice GrFi of Okawaru (D:4)
  A hippogriff (D:8)
  Grinder (D:3)
  Sigmund (D:3)
  Eustachio (D:4)
  A hungry ghost (D:7)
  Edmund (D:4)
  14 wargs (D:8)
  Duvessa (D:5)
  5 orc warriors (D:8)
  An ice beast (D:6)
  2 sky beasts
  2 ogres (D:4)
  2 centaurs (D:8)
  A big kobold (Sewer)
  Blork the orc (D:5)
  2 bullfrogs
  6 scorpions (Ossuary)
  4 wights (D:6)
  2 crimson imps
  A bullfrog zombie (D:7)
  A centaur zombie (Ossuary)
  3 human zombies (Ossuary)
  4 hounds
  Crazy Yiuf (D:3)
  2 orc priests
  A bullfrog skeleton (D:4)
  Jessica (D:3)
  3 orc wizards
  An iguana (D:7)
  9 worker ants
  A big kobold zombie (Ossuary)
  3 mummies (Ossuary)
  A worker ant zombie (D:5)
  3 gnolls (D:3)
  2 scorpion zombies (Ossuary)
  12 adders
  3 river rats (Sewer)
  A shadow imp (D:7)
  4 oozes
  An adder zombie (D:6)
  A worm zombie (D:6)
  4 worms
  4 leopard geckos
  36 orcs
  8 bats
  A bat zombie (D:1)
  9 giant cockroaches
  7 goblins
  5 hobgoblins
  13 jackals
  11 kobolds
  5 quokkas
  5 ball pythons
  A gnoll zombie (Ossuary)
  A goblin zombie (Ossuary)
  3 hobgoblin zombies (Ossuary)
  3 kobold zombies (Ossuary)
  2 leopard gecko zombies
  2 orc zombies (Ossuary)
  3 rats
232 creatures vanquished.

Vanquished Creatures (others)
  Dowan (D:5)
1 creature vanquished.

Grand Total: 233 creatures vanquished

Notes
Turn   | Place    | Note
-------+----------+-------------------------------------------
     0 | D:1      | KleinerIrrer the Formicid Fighter began the quest for the Orb.
     0 | D:1      | Reached XP level 1. HP: 18/18 MP: 1/1
     0 | D:1      | 0 ||| counter = 40
   160 | D:1      | Reached XP level 2. HP: 21/24 MP: 2/2
   549 | D:1      | Reached skill level 3 in Axes
   668 | D:1      | Reached XP level 3. HP: 29/29 MP: 3/3
   671 | D:1      | 671 ||| DROPPING club.
  1196 | D:1      | 1196 ||| UPGRADING to chain mail.
  1206 | D:1      | 1206 ||| DROPPING +0 scale mail.
  1207 | D:1      | 1207 ||| READING scroll labeled QOOGIO HYQES.
  1208 | D:1      | 1208 ||| READING scroll labeled PIUKOR GAPRUS.
  1282 | D:2      | 1282 ||| STAIRDANCE
  1476 | D:2      | 1476 ||| EATING 3 rations.
  1576 | D:2      | Reached skill level 4 in Axes
  1576 | D:2      | Reached XP level 4. HP: 34/35 MP: 4/4
  2143 | D:2      | 2143 ||| UPGRADING to cloak.
  2148 | D:2      | 2148 ||| READING scroll labeled FISTRU VUUHEA.
  2149 | D:2      | 2149 ||| DRINKING 2 puce potions.
  2202 | D:3      | Noticed Jessica
  2204 | D:3      | 2204 ||| SWAPPING to broad axe.
  2211 | D:3      | Killed Jessica
  2240 | D:3      | 2240 ||| DROPPING +0 war axe.
  2438 | D:3      | Reached XP level 5. HP: 34/41 MP: 5/5
  2540 | D:3      | Reached skill level 5 in Axes
  2847 | D:3      | Noticed Grinder
  2863 | D:3      | HP: 9/41 [Grinder (6)]
  2864 | D:3      | HP: 4/41 [Grinder (1)]
  2869 | D:3      | Killed Grinder
  2869 | D:3      | Reached skill level 6 in Shields
  2869 | D:3      | Reached XP level 6. HP: 5/47 MP: 6/6
  3201 | D:3      | Noticed Sigmund
  3207 | D:3      | Killed Sigmund
  3207 | D:3      | Reached skill level 6 in Axes
  3207 | D:3      | Reached XP level 7. HP: 37/52 MP: 7/7
  3357 | D:3      | 3357 ||| STAIRDANCE
  3405 | D:2      | 3405 ||| UPGRADING to pair of boots.
  3410 | D:2      | 3410 ||| DRINKING 2 amethyst potions.
  3411 | D:2      | 3411 ||| READING 2 scrolls of identify.
  3411 | D:2      | 3411 ||| IDENTIFYING murky golden potion
  3412 | D:2      | 3412 ||| DROPPING potion of agility.
  3423 | D:3      | Reached skill level 1 in Dodging
  3424 | D:3      | 3424 ||| STAIRDANCE
  3871 | D:3      | Found a runed door.
  3973 | D:4      | Reached XP level 8. HP: 18/60 MP: 8/8
  4557 | D:4      | Noticed KleinerIrrer's ghost (novice GrFi)
  4633 | D:4      | 4633 ||| STAIRDANCE
  4680 | D:3      | 4680 ||| EATING 6 rations.
  4754 | D:3      | 4754 ||| READING scroll labeled IWIQEI VATE.
  4755 | D:3      | 4755 ||| READING scroll labeled ONOARE NOYJO.
  4756 | D:3      | 4756 ||| READING scroll labeled ICZAUM DOIX.
  4900 | D:4      | Reached skill level 7 in Axes
  5141 | D:4      | Noticed Eustachio
  5178 | D:4      | Killed Eustachio
  5274 | D:4      | 5274 ||| STAIRDANCE
  5370 | D:4      | HP: 9/60 [KleinerIrrer's ghost (12)]
  5371 | D:4      | HP: 3/60 [KleinerIrrer's ghost (6)]
  5372 | D:4      | Killed KleinerIrrer's ghost
  5372 | D:4      | Reached skill level 8 in Axes
  5730 | D:3      | Noticed Crazy Yiuf
  5735 | D:3      | Killed Crazy Yiuf
  5740 | D:3      | 5740 ||| UPGRADING to glowing cloak.
  5750 | D:3      | 5750 ||| DROPPING +0 cloak.
  5751 | D:3      | 5751 ||| DRINKING 2 fuming pink potions.
  5752 | D:3      | 5752 ||| DROPPING potion of magic.
  5838 | D:4      | Noticed Edmund
  5849 | D:4      | Killed Edmund
  6145 | D:4      | Reached skill level 9 in Axes
  6145 | D:4      | Reached XP level 9. HP: 63/68 MP: 9/9
  6212 | D:4      | 6212 ||| DRINKING 2 inky potions.
  6213 | D:4      | 6213 ||| DROPPING potion of brilliance.
  6257 | D:5      | Entered Level 5 of the Dungeon
  6355 | D:5      | Noticed Duvessa
  6355 | D:5      | Noticed Dowan
  6377 | D:5      | Found a glowing drain.
  6378 | D:5      | 6378 ||| Found Sewer.
  6381 | Sewer    | Entered a sewer
  6492 | Sewer    | Found a white marble altar of Elyvilon.
  6531 | Sewer    | 6531 ||| DRINKING 2 black potions.
  6532 | Sewer    | 6532 ||| DROPPING potion of flight.
  6544 | D:5      | Killed Duvessa
  6551 | D:5      | Killed Dowan
  6552 | D:5      | 6552 ||| Stepping ~*~*~tactically~*~*~ (cloud).
  6855 | D:5      | Noticed Blork the orc
  6860 | D:5      | Killed Blork the orc
  6860 | D:5      | Reached skill level 6 in Fighting
  7254 | D:5      | 7254 ||| READING 2 scrolls labeled AVESYMON HECSUAR.
  7255 | D:5      | 7255 ||| READING scroll of enchant weapon.
  7255 | D:5      | 7255 ||| ENCHANTING +1 broad axe.
  7256 | D:5      | 7256 ||| DRINKING 2 coppery potions.
  7257 | D:5      | 7257 ||| READING 2 scrolls of identify.
  7257 | D:5      | 7257 ||| IDENTIFYING cabochon ring
  7258 | D:5      | 7258 ||| UPGRADING to ring of protection from fire.
  7259 | D:5      | 7259 ||| DROPPING potion of degeneration.
  7623 | D:6      | Reached skill level 10 in Axes
  7768 | D:6      | Found a sand-covered staircase.
  7769 | D:6      | 7769 ||| Found Ossuary.
  7789 | Ossuary  | Entered an ossuary
  7790 | Ossuary  | 7790 ||| Entered Ossuary.
  8111 | Ossuary  | Reached XP level 10. HP: 77/77 MP: 10/10
  8135 | Ossuary  | 8135 ||| EATING 7 rations.
  8190 | Ossuary  | 8190 ||| UPGRADING to whip.
  8191 | Ossuary  | 8191 ||| SWAPPING to +2 broad axe.
  8192 | Ossuary  | 8192 ||| READING scroll labeled MIPION RUGOHEI.
  8193 | Ossuary  | 8193 ||| READING scroll labeled QEGEYS ADDI.
  8194 | Ossuary  | 8194 ||| READING 2 scrolls labeled SULIACWE TURA.
  8195 | Ossuary  | 8195 ||| DRINKING 2 fizzy dark potions.
  8196 | Ossuary  | 8196 ||| READING 4 scrolls of identify.
  8196 | Ossuary  | 8196 ||| IDENTIFYING blackened fluorescent amulet
  8197 | Ossuary  | 8197 ||| UPGRADING to amulet of faith.
  8198 | Ossuary  | 8198 ||| READING 3 scrolls of identify.
  8198 | Ossuary  | 8198 ||| IDENTIFYING bubbling red potion
  8199 | Ossuary  | 8199 ||| DROPPING potion of lignification.
  8200 | Ossuary  | 8200 ||| DROPPING scroll of vulnerability.
  8285 | D:6      | 8285 ||| READING scroll of enchant armour.
  8285 | D:6      | 8285 ||| ENCHANTING +0 pair of boots.
  8515 | D:6      | 8515 ||| READING 2 scrolls of identify.
  8515 | D:6      | 8515 ||| IDENTIFYING glowing golden potion
  8516 | D:6      | 8516 ||| DROPPING potion of invisibility.
  8622 | D:7      | 8622 ||| EATING 6 rations.
  8747 | D:7      | Found a staircase to the Ecumenical Temple.
  8757 | Temple   | Entered the Ecumenical Temple
  8758 | Temple   | 8758 ||| Entered T.
  8773 | Temple   | Became a worshipper of Warmaster Okawaru
  9023 | D:7      | 9023 ||| DROPPING +0 whip.
  9024 | D:7      | 9024 ||| UPGRADING to flail.
  9025 | D:7      | 9025 ||| SWAPPING to +2 broad axe.
  9045 | D:7      | Found a shimmering altar of Xom.
  9288 | D:7      | 9288 ||| UPGRADING to opal ring.
  9289 | D:7      | 9289 ||| READING 2 scrolls of remove curse.
  9290 | D:7      | 9290 ||| REMOVING ring of fire.
  9291 | D:7      | 9291 ||| READING scroll labeled SIELEA LIUKK.
  9292 | D:7      | 9292 ||| READING 3 scrolls of identify.
  9292 | D:7      | 9292 ||| IDENTIFYING fizzy emerald potion
  9293 | D:7      | 9293 ||| DROPPING potion of berserk rage.
  9449 | D:8      | Reached skill level 9 in Shields
  9457 | D:8      | 9457 ||| STAIRDANCE
  9730 | D:8      | Reached * piety under Okawaru
  9731 | D:8      | 9731 ||| INVOKING Heroism.
  9732 | D:8      | 9732 ||| INVOKING Heroism.
  9738 | D:8      | HP: 19/79 [warg (1)]
  9739 | D:8      | 9739 ||| DRINKING potion of heal wounds.
  9741 | D:8      | Reached skill level 1 in Invocations
  9744 | D:8      | 9744 ||| INVOKING Heroism.
  9746 | D:8      | HP: 17/79 [warg (6)]
  9750 | D:8      | Reached skill level 3 in Invocations
  9750 | D:8      | HP: 5/79 [warg (8)]
  9752 | D:8      | Reached skill level 11 in Axes
  9807 | D:8      | 9807 ||| INVOKING Heroism.
 10041 | D:8      | 10041 ||| Stepping ~*~*~tactically~*~*~ (water).
 10169 | D:8      | 10169 ||| EATING 7 rations.
 10225 | D:8      | 10225 ||| INVOKING Heroism.
 10233 | D:8      | Reached ** piety under Okawaru
 10246 | D:8      | 10246 ||| INVOKING Heroism.
 10266 | D:8      | 10266 ||| Stepping ~*~*~tactically~*~*~ (water).
 10268 | D:8      | 10268 ||| INVOKING Heroism.
 10318 | D:8      | Reached XP level 11. HP: 78/86 MP: 14/14
 10523 | D:8      | 10523 ||| INVOKING Heroism.
 10555 | D:8      | 10555 ||| INVOKING Heroism.
 10596 | D:8      | Noticed an orc warlord
 10623 | D:8      | 10623 ||| Stepping ~*~*~tactically~*~*~ (water).
 10636 | D:8      | Reached skill level 6 in Armour
 10683 | D:8      | 10683 ||| INVOKING Heroism.
 10711 | D:8      | 10711 ||| INVOKING Heroism.
 10720 | D:8      | HP: 10/86 [orc warlord/long sword (13)]
 10722 | D:8      | Mangled by an orc warlord

Vault maps used:
D:1:      saegor_arrival_fortress, serial_bayou_lake_a
D:2:      first_ration, hangedman_decor_lopped
D:3:      uniq_grinder, uniq_sigmund, uniq_jessica, uniq_crazy_yiuf_cottage
D:4:      kb_forest_paths, minmay_stone_trees_small, uniq_eustachio, uniq_edmund
D:5:      gup_sewer_entry_bowl, uniq_blork_the_orc, uniq_duvessa
D:6:      enter_ossuary_3
D:7:      kennysheep_little_box, temple_fountains
D:8:      lemuel_castle_with_subvaults
Temple:   regret_index_temple_sphere_string
Sewer:    sewer_kobolds
Ossuary:  ossuary_minmay_scorpions

Skill      XL: |  1  2  3  4  5  6  7  8  9 10 11 |
---------------+----------------------------------+-----
Axes           | 3 4 5 6 9 10 11 | 11.1
Shields        | 6 8 9 |  9.0
Dodging        | 1 2 |  2.0
Fighting       | 4 5 6 8 |  8.1
Armour         | 4 5 6 |  6.0
Invocations    | 4 |  4.1

Action                   |  1- 3 |  4- 6 |  7- 9 | 10-12 || total
-------------------------+-------+-------+-------+-------++-------
Melee: War axe           |   100 |    23 |       |       ||   123
       Broad axe         |       |   102 |   405 |   229 ||   736
Throw: Tomahawk          |     2 |    27 |    54 |    21 ||   104
       Javelin           |       |       |    20 |    33 ||    53
Invok: Heroism           |       |       |       |    10 ||    10
  Use: Scroll            |     2 |     1 |     7 |    10 ||    20
       Potion            |       |     1 |     5 |     2 ||     8
 Stab: Distracted        |       |       |     1 |       ||     1
  Eat: Chunk             |     1 |     3 |     9 |     2 ||    15
       Ration            |     1 |       |     2 |     3 ||     6
Armor: Scale mail        |    40 |       |       |       ||    40
       Chain mail        |     6 |    77 |   173 |    79 ||   335
Dodge: Dodged            |    38 |    28 |   104 |    75 ||   245
Block: Shield            |    44 |    58 |   205 |   129 ||   436

Table legend:
 A = Spawn XP
 B = Non-spawn XP
 C = Spawn XP percentage of total XP
 D = Spawn monster count
 E = Non-spawn monster count
 F = Spawn count percentage of total count
 G = Total turns spent on level
                    A         B        C        D         E        F      G
               +---------+---------+-------+---------+---------+-------+---------
         Total |       0 |    8476 |   0.0 |       0 |     232 |   0.0 | 10722
               +---------+---------+-------+---------+---------+-------+---------
           D:1 |       0 |      47 |   0.0 |       0 |      23 |   0.0 |  1281
           D:2 |       0 |      38 |   0.0 |       0 |      11 |   0.0 |   976
           D:3 |       0 |     682 |   0.0 |       0 |      29 |   0.0 |  2112
           D:4 |       0 |    1310 |   0.0 |       0 |      20 |   0.0 |  1888
           D:5 |       0 |     544 |   0.0 |       0 |      20 |   0.0 |   873
           D:6 |       0 |     729 |   0.0 |       0 |      20 |   0.0 |   804
           D:7 |       0 |     570 |   0.0 |       0 |      15 |   0.0 |   638
           D:8 |       0 |    3763 |   0.0 |       0 |      59 |   0.0 |  1350
         Sewer |       0 |     147 |   0.0 |       0 |      10 |   0.0 |   158
       Ossuary |       0 |     646 |   0.0 |       0 |      25 |   0.0 |   472
               +---------+---------+-------+---------+---------+-------+---------
